 Dungeon Crawl Stone Soup version 0.22.0 (webtiles) character file.

70 dysrexia the Chopper (level 4, -2/33 HPs)
             Began as a Demonspawn Gladiator on Aug 12, 2018.
             Engulfed by a cloud of flame (10 damage)
             ... on level 2 of the Dungeon.
             The game lasted 00:04:37 (1708 turns).

dysrexia the Chopper (Demonspawn Gladiator)         Turns: 1708, Time: 00:04:37

Health: -2/33      AC:  6    Str: 19    XL:     4   Next: 3%
Magic:  4/4        EV: 12    Int:  9    God:
Gold:   56         SH:  0    Dex: 16    Spells: 3/3 levels left

rFire    . . .     SeeInvis .   a - +1 war axe
rCold    . . .     Gourm    .   (no shield)
rNeg     . . .     Faith    .   o - +0 ring mail
rPois    .         Spirit   .   c - +0 helmet
rElec    .         Reflect  .   (no cloak)
rCorr    .         Harm     .   (no gloves)
MR       .....                  (no boots)
Stlth    +.........             (no amulet)
HPRegen  0.11/turn              (no ring)
MPRegen  0.09/turn              (no ring)

@: mighty
A: talons 1, powered by pain 1
a: no special abilities


You were on level 2 of the Dungeon.
You were hungry.

You visited 1 branch of the dungeon, and saw 2 of its levels.

You collected 56 gold pieces.

Inventory:

Hand Weapons
 a - a +1 war axe (weapon)
Missiles
 d - 3 throwing nets (quivered)
Armour
 b - a +0 leather armour
 c - a +0 helmet (worn)
 n - a +0 chain mail
 o - a +0 ring mail (worn)
Jewellery
 j - an uncursed ring of protection from cold {unknown}
 m - a cursed ring of attention {unknown}
Scrolls
 l - 3 scrolls of amnesia {unknown}
Potions
 e - 3 potions of haste {unknown}
 g - a potion of berserk rage {unknown}
 k - a potion of mutation {unknown}
 p - a potion of cancellation {unknown}
Comestibles
 f - a ration


   Skills:
 - Level 2.0 Fighting
 * Level 4.5 Axes
 - Level 1.7 Throwing
 - Level 2.6 Dodging


You had 3 spell levels left.
You didn't know any spells.
Your spell library was empty.

Dungeon Overview and Level Annotations

Branches:
Dungeon (2/15)

Altars:


Innate Abilities, Weirdness & Mutations

You have sharp toenails.
You sometimes gain a little power by taking damage.


Message History

a dagger; a kobold skeleton That item cannot be evoked!
Okay, then.
As you read the scroll labeled SYUTAATOIN, it crumbles to dust.
It is a scroll of enchant weapon.
Your +0 war axe glows red for a moment.
The bat misses you.
As you read the scroll labeled LAULOIF HYRY, it crumbles to dust.
The creatures around you are filled with an inner flame!
It was a scroll of immolation.
The bat hits you but does no damage. x2
You closely miss the bat. You claw the bat.
The bat explodes!
The fiery explosion engulfs the giant cockroach.
The giant cockroach explodes!
The fiery explosion engulfs you!
Ouch! That really hurt!
* * * LOW HITPOINT WARNING * * *
You focus on the pain.
You feel very mighty all of a sudden.
You are engulfed in blazing flames.
You die...

###....#####
#......>....
#.#....####
#g#.g..#
#g#..s.#
#§#....###
#§#....g.# ...
#§######.# ...
#@# #.### ...
#.#
####...####...
#.#
#............
#.#
#.#....###..#
#.#
#.P....P....#
#(#
#.#......#..##
#(#
#.#.†....#...#
#.#
#.#........#.#
#.#
#.#......#.#..


You could see 2 gnolls.

Vanquished Creatures
  A gnoll (D:1)
  2 adders (D:2)
  An ooze (D:2)
  A leopard gecko (D:1)
  3 giant cockroaches
  7 goblins
  2 hobgoblins (D:1)
  4 jackals
  8 bats
  2 kobolds
  3 rats (D:1)
34 creatures vanquished.

Vanquished Creatures (others)
  4 toadstools (D:1)
4 creatures vanquished.

Grand Total: 38 creatures vanquished

Notes
Turn   | Place    | Note
-------+----------+-------------------------------------------
     0 | D:1      | dysrexia the Demonspawn Gladiator began the quest for the Orb.
     0 | D:1      | Reached XP level 1. HP: 16/16 MP: 1/1
   194 | D:1      | Reached skill level 3 in Axes
   584 | D:1      | Gained mutation: You have sharp toenails. [demonic ancestry]
   584 | D:1      | Reached XP level 2. HP: 22/22 MP: 2/2
  1027 | D:1      | Reached skill level 4 in Axes
  1027 | D:1      | Gained mutation: You sometimes gain a little power by taking damage. [demonic ancestry]
  1027 | D:1      | Reached XP level 3. HP: 12/27 MP: 3/3
  1647 | D:2      | Reached XP level 4. HP: 31/33 MP: 4/4
  1708 | D:2      | Engulfed by a cloud of flame

Skill      XL: |  1  2 |
---------------+-------+-----
Axes           | 3 4 |  4.5
Fighting       | |  2.0
Throwing       | |  1.7
Dodging        | |  2.6

Action                   |  1- 3 |  4- 6 || total
-------------------------+-------+-------++-------
Melee: War axe           |   102 |     3 ||   105
       Kick              |    14 |     2 ||    16
  Use: Scroll            |       |     2 ||     2
  Eat: Chunk             |     2 |       ||     2
Armor: Leather armour    |    25 |       ||    25
       Ring mail         |    22 |    19 ||    41
Dodge: Dodged            |    88 |    22 ||   110
